 Dungeon Crawl Stone Soup version 0.30.1-4-g462c640d31 (webtiles) character file.

Game seed: 15328597337259607923

2 Cryptonicus the Insei (level 1, 0/15 HPs)
             Began as a Human Transmuter on Sept 14, 2023.
             Slain by a frilled lizard (1 damage)
             ... on level 1 of the Dungeon on Sept 18, 2023.
             The game lasted 00:01:30 (120 turns).

Cryptonicus the Insei (Human Transmuter)             Turns: 120, Time: 00:01:38

Health: 0/15       AC:  2    Str: 10    XL:     1   Next: 33%
Magic:  3/3        EV: 12    Int: 13    God:
Gold:   0          SH:  0    Dex: 13    Spells: 3/4 levels left

rFire   . .          .
                       - Unarmed
rCold   . . .        (no shield)
rNeg    . . .        a - +0 robe
rPois   .            (no helmet)
rElec   .            (no cloak)
rCorr   .            (no gloves)
SInv    .            (no boots)
Will    .....        (no amulet)
Stlth   +            (no ring)
HPRegen 0.22/turn    (no ring)
MPRegen 0.08/turn

%: no passive effects
@: no status effects
A: no striking features
a: no special abilities


You were on level 1 of the Dungeon.
You visited 1 branch of the dungeon, and saw 1 of its levels.

Inventory:

Armour
 a - a +0 robe (worn)
Scrolls
 d - a scroll of vulnerability {unknown}
Potions
 b - a potion of lignification
 c - a potion of ambrosia {unknown}


   Skills:
 + Level 1.0 Fighting
 + Level 2.0 Dodging
 + Level 3.0 Unarmed Combat
 + Level 2.1 Spellcasting
 + Level 2.0 Transmutations


You had 3 spell levels left.
You knew the following spells:

 Your Spells              Type           Power      Damage    Failure   Level
a - Beastly Appendage     Tmut           12%        N/A       11%         1

Your spell library contained the following spells:

 Spells                   Type           Power      Damage    Failure   Level
 Wereblood                Tmut           6%         N/A       17%         2
 Spider Form              Tmut/Pois      4%         N/A       45%         3
 Ice Form                 Ice/Tmut       4%         N/A       86%         4


Dungeon Overview and Level Annotations

Branches:
Dungeon (1/15)

Altars:


Message History

There are monsters nearby!
There are monsters nearby!
There are monsters nearby!
There are monsters nearby!
The quokka attacks as you move away! The quokka barely misses you.
The jackal misses you. x2
The jackal attacks as you move away!
The jackal bites you but does no damage.
The jackal barely misses you.
The quokka twitches its whiskers.
The quokka barely misses you. The jackal bites you.
The jackal bites you but does no damage.
The jackal barely misses you.
Found 5 gold pieces.
The bat barely misses you.
You closely miss the jackal. The bat barely misses you.
The jackal barely misses you. The jackal misses you.
The jackal barely misses you.
You barely miss the jackal. The jackal bites you.
The jackal closely misses you.
The jackal bites you. x2; The bat misses you.
The jackal closely misses you.
You barely miss the jackal. The bat barely misses you.
The jackal barely misses you. The jackal closely misses you. x2
The bat closely misses you.
The jackal bites you but does no damage.
The jackal barely misses you. x2; The jackal misses you.
You barely miss the jackal. The bat barely misses you.
The jackal bites you but does no damage.
The bat hits you. The jackal bites you. x2
* * * LOW HITPOINT WARNING * * *
The jackal bites you.
* * * LOW HITPOINT WARNING * * *
You hit the jackal.
The jackal is severely wounded.
The bat hits you but does no damage. x2; The jackal barely misses you. x2
The jackal bites you.
* * * LOW HITPOINT WARNING * * *
The jackal bites you but does no damage.
The frilled lizard bites you.
You die...

..................#
.........###..........
.........###.#..#.#...
..........##.#.##.# .
................
.................
.......r..........
......hhh.........(
#.....h@b......
##....l#....... ######
....... .......
#...... ...... .##.#.
.# $#


You could see a quokka, 4 jackals, a bat and a frilled lizard.

Vanquished Creatures
  A goblin (D:1)
  A rat (D:1)
2 creatures vanquished.

Notes
Turn   | Place    | Note
-------+----------+-------------------------------------------
     0 | D:1      | Cryptonicus the Human Transmuter began the quest for the
                  | Orb.
     0 | D:1      | Reached XP level 1. HP: 15/15 MP: 3/3
   120 | D:1      | Slain by a frilled lizard

Illustrated notes

Levels and vault maps discovered:
D:1:      amcnicky_arrival_underground_garden, layout_rooms, minmay_tetromino_i4

Action                     || total
---------------------------++-------
  Melee: Unarmed           ||    14
   Cast: Beastly Appendage ||     5
 Armour: Robe              ||    10
  Dodge: Dodged            ||    32
